AoeStats
← marius.zwei91

Scandinavia

510326092Analyzed
1v1 RM · 2d ago on Sep 30, 2026· 28m 13s· 2 players
Game mode
Random Map
Map size
Tiny (2 player)
Population
200
Speed
Normal
Resources
Standard
Victory
Conquest
Starting age
Dark Age
Ending age
Imperial Age
RankedLock teamsTeams togetherTeam positionsShared explorationLock speedFull tech treeHidden civsTurbo modeCheats
Victory
Defeat
🇩🇪 Burmese · Germany
737
+14
🇹🇷 Cumans · Türkiye
700
-14
ersoy_f
10:31 Feudal Age
11:18 Double-Bit Axe
16:10 Horse Collar
16:22 Man-at-Arms
17:08 Scale Mail Armor
17:19 Forging
19:30 Wheelbarrow
20:03 Arson
29:22 Castle Age
marius.zwei91
8:59 Loom
12:13 Feudal Age
16:52 Castle Age
15:56 Fletching
17:21 Crossbowman
18:37 Gold Mining
19:18 Padded Archer Armor
24:25 Forging
25:10 Scale Barding Armor
Connection lost

Rejoining the realm…

Still unreachable

The connection could not be restored.

Session expired

The server has moved on; the page needs a fresh start.